 Dungeon Crawl Stone Soup version 0.29-a0-319-gad05b8d819 (webtiles) character file.

Game seed: 11451858863045110262

11 Morbidden the Skirmisher (level 2, 18/24 HPs)
             Began as a Demonspawn Fighter on Apr 2, 2022.
             Quit the game on level 1 of the Dungeon.
             The game lasted 00:00:27 (346 turns).

Morbidden the Skirmisher (Demonspawn Fighter)        Turns: 346, Time: 00:00:27

Health: 18/24      AC:  6    Str: 16    XL:     2   Next: 17%
Magic:  2/2        EV:  8    Int:  9    God:
Gold:   67         SH:  5    Dex: 12    Spells: 1/1 levels left

rFire   . . .      SeeInvis .   a - +0 long sword
rCold   . . .      Faith    .   c - +1 buckler
rNeg    . . .      Spirit   .   b - +0 scale mail
rPois   .          Reflect  .   (no helmet)
rElec   .          Harm     .   (no cloak)
rCorr   .          Rampage  .   (no gloves)
Will    .....                   (no boots)
Stlth   ..........              (no amulet)
HPRegen 0.08/turn               (no ring)
MPRegen 0.08/turn               (no ring)

@: no status effects
A: foul stench 1
a: no special abilities


You were on level 1 of the Dungeon.
You visited 1 branch of the dungeon, and saw 1 of its levels.

You collected 67 gold pieces.

Inventory:

Hand Weapons
 a - a +0 long sword (weapon)
Armour
 b - a +0 scale mail (worn)
 c - a +1 buckler (worn)
Potions
 d - a potion of might


   Skills:
 * Level 3.3 Fighting
 * Level 2.0 Long Blades
 + Level 2.7 Armour
 + Level 2.8 Shields


You had one spell level left.
You didn't know any spells.
Your spell library was empty.

Dungeon Overview and Level Annotations

Branches:
Dungeon (1/15)

Altars:


Innate Abilities, Weirdness & Mutations

You may rarely emit foul miasma when damaged in melee.


Message History

You kill the ball python!
The kobold closely misses you.
Unknown command.
You closely miss the kobold.
The frilled lizard bites you but does no damage.
The kobold closely misses you.
You closely miss the kobold. The frilled lizard bites you.
The kobold hits you but does no damage. The frilled lizard bites you.
The kobold barely misses you.
You hit the kobold.
You kill the kobold!
The frilled lizard barely misses you.
Your Long Blades skill increases to level 2!
Unknown command.
You miss the frilled lizard.
The frilled lizard bites you but does no damage.
Unknown command.
You barely miss the frilled lizard. The frilled lizard barely misses you.
You block the frilled lizard's attack.
Unknown command.
You barely miss the frilled lizard. You block the frilled lizard's attack.
You barely miss the frilled lizard.
The frilled lizard bites you but does no damage.
The frilled lizard barely misses you.
Unknown command.
You slash the frilled lizard!
You kill the frilled lizard!
Unknown command.
No target in view!
As you read the scroll labelled ZEGHOP INKEMEPH, it crumbles to dust.
The air around you briefly surges with heat, but it dissipates.
It was a scroll of immolation.
Unknown command.
As you read the scroll labelled FEUMYRI NAEDUU, it crumbles to dust.
It is a scroll of enchant armour.
Your +0 buckler glows green for a moment.
As you read the scroll labelled POICWILOTSI, it crumbles to dust.
It is a scroll of identify.
You don't have any unidentified items.
Are you sure you want to abandon this character and quit the game? (Confirm with "yes".)

#.#### #.#
.#.......#####.. #....#
... .. ..#.## #.#
#.##.# #.# .# .... #.#
#.##.# #.# .# ... #.#
#.##.# #.##.##... ..#
#.##.#########.........
###
#)##.......†......####
#.##############).# ..#
#@.# ### #)†# .......#
##.###..# #.# #..# #.#
#..# .# ##.###..# .#
#...##..# .#
#>#.#...###########


There were no monsters in sight!

Vanquished Creatures
  2 bats (D:1)
  2 giant cockroaches (D:1)
  A hobgoblin (D:1)
  A quokka (D:1)
  A ball python (D:1)
  2 frilled lizards (D:1)
  2 kobolds (D:1)
11 creatures vanquished.

Notes
Turn   | Place    | Note
-------+----------+-------------------------------------------
     0 | D:1      | Morbidden the Demonspawn Fighter began the quest for the
                  | Orb.
     0 | D:1      | Reached XP level 1. HP: 18/18 MP: 1/1
   334 | D:1      | Gained mutation: You may rarely emit foul miasma when
                  | damaged in melee. [demonic ancestry]
   334 | D:1      | Reached XP level 2. HP: 19/24 MP: 2/2
   346 | D:1      | Quit the game

Illustrated notes

Levels and vault maps discovered:
D:1:      dpeg_arrival_lava_altar, layout_loops_ring

Skill      XL: |  1  2 |
---------------+-------+-----
Long Blades    | 2 |  2.0
Fighting       | |  3.3
Armour         | |  2.7
Shields        | |  2.8

Action                   || total
-------------------------++-------
Melee: Long sword        ||    36
  Use: Scroll            ||     3
Armor: Scale mail        ||    20
Dodge: Dodged            ||    23
Block: Buckler           ||    11

Table legend: (Time is in decaauts)
 A = Elapsed time spent in this place.
 B = Non-inter-level travel time spent in this place.
 C = Inter-level travel time spent in this place.
 D = Time resting spent in this place.
 E = Time spent auto-exploring this place.
 F = Levels seen in this place.
 G = Mean time per level.
                   A        B        C        D        E       F      G
               +--------+--------+--------+--------+--------+-----+--------+
         Total |    359 |    359 |      0 |      0 |    280 |   1 |  359.0 |
       Dungeon |    359 |    359 |      0 |      0 |    280 |   1 |  359.0 |
               +--------+--------+--------+--------+--------+-----+--------+

Top non-repeatable levels by time:
     D:1: 359 daAuts
